 Dungeon Crawl Stone Soup version 0.29-a0-364-g921d912d32 (webtiles) character file.

Game seed: 8946787398616516345

3 lesaewzxc the Vexing (level 1, -2/12 HPs)
             Began as a Kobold Arcane Marksman on Apr 30, 2022.
             Slain by an ogre
             ... wielding a +0 giant club
              (14 damage)
             ... on level 2 of the Dungeon.
             The game lasted 00:01:32 (231 turns).

lesaewzxc the Vexing (Kobold Arcane Marksman)        Turns: 231, Time: 00:01:34

Health: -2/12      AC:  2    Str:  7    XL:     1   Next: 55%
Magic:  2/2        EV: 15    Int: 14    God:
Gold:   0          SH:  0    Dex: 15    Spells: 1/2 levels left

rFire   . . .      SeeInvis .   a - +0 hand crossbow
rCold   . . .      Faith    .   (no shield)
rNeg    . . .      Spirit   .   b - +0 robe
rPois   .          Reflect  .   (no helmet)
rElec   .          Harm     .   (no cloak)
rCorr   .          Rampage  .   (no gloves)
Will    .....                   (no boots)
Stlth   ++........              (no amulet)
HPRegen 0.04/turn               (no ring)
MPRegen 0.08/turn               (no ring)

@: no status effects
A: small, no large weapons, nightstalker 3
a: no special abilities


You were on level 2 of the Dungeon.
You visited 1 branch of the dungeon, and saw 2 of its levels.

Inventory:

Hand Weapons
 a - a +0 hand crossbow (weapon)
Armour
 b - a +0 robe (worn)
 e - a +0 robe
Jewellery
 d - an amulet of magic regeneration
Scrolls
 c - a scroll of vulnerability


   Skills:
 + Level 1.2 Fighting
 + Level 2.8 Crossbows
 + Level 2.5 Dodging
 + Level 1.2 Spellcasting
 + Level 3.0 Hexes


You had one spell level left.
You knew the following spells:

 Your Spells              Type           Power      Damage    Failure   Level
a - Slow                  Hex            36%        N/A       8%          1

Your spell library contained the following spells:

 Spells                   Type           Power      Damage    Failure   Level
 Inner Flame              Hex/Fire       5%         N/A       38%         3
 Portal Projectile        Hex/Tloc       10%        N/A       38%         3
 Cause Fear               Hex            4%         N/A       58%         4


Dungeon Overview and Level Annotations

Branches:
Dungeon (2/15)

Altars:


Innate Abilities, Weirdness & Mutations

You are small and have problems with some larger weapons.
You are completely attuned to the shadows.


Message History

There is a stone staircase leading up here.
Found 18 stones.
A kobold comes into view. It is wielding a +0 short sword.
The kobold moves out of view.
An ogre comes into view. It is wielding a +0 giant club.
The ogre shouts!
You see here 18 stones.
Shoot: a) +0 hand crossbow
Press: ? - help, Shift-Dir - straight line, f - ogre
Aim: an ogre, wielding a +0 giant club (75% to hit)
You shoot a bolt. The bolt hits the ogre!
The ogre is moderately wounded.
Shoot: a) +0 hand crossbow
Press: ? - help, Shift-Dir - straight line, f/p - ogre
Aim: an ogre, wielding a +0 giant club (moderately wounded, 75% to hit)
You shoot a bolt. The bolt closely misses the ogre.
Shoot: a) +0 hand crossbow
Press: ? - help, Shift-Dir - straight line, f/p - ogre
Aim: an ogre, wielding a +0 giant club (moderately wounded, 75% to hit)
You shoot a bolt. The bolt hits the ogre!
The ogre is heavily wounded.
The ogre closely misses you.
Shoot: a) +0 hand crossbow
Press: ? - help, Shift-Dir - straight line, f/p - ogre
Aim: an ogre, wielding a +0 giant club (heavily wounded, 75% to hit)
You shoot a bolt. The bolt hits the ogre.
The ogre is heavily wounded.
The ogre barely misses you.
Shoot: a) +0 hand crossbow
Press: ? - help, Shift-Dir - straight line, f/p - ogre
Aim: an ogre, wielding a +0 giant club (heavily wounded, 75% to hit)
You shoot a bolt. The bolt barely misses the ogre.
The ogre barely misses you.
Shoot: a) +0 hand crossbow
Press: ? - help, Shift-Dir - straight line, f/p - ogre
Aim: an ogre, wielding a +0 giant club (heavily wounded, 75% to hit)
You shoot a bolt. The bolt hits the ogre.
The ogre is severely wounded.
The ogre hits you with a +0 giant club!
Ouch! That really hurt!
You die...

......
.....#.......
.....#.......
.....#.......
....@#........
....O..#.###..
.....#........
.....####.###.
.....# #.#
.....# #.# #.#
#.####
###.....


You could see an ogre.

Vanquished Creatures
  A goblin (D:1)
  A hobgoblin (D:1)
  A rat (D:1)
3 creatures vanquished.

Notes
Turn   | Place    | Note
-------+----------+-------------------------------------------
     0 | D:1      | lesaewzxc the Kobold Arcane Marksman began the quest for
                  | the Orb.
     0 | D:1      | Reached XP level 1. HP: 12/12 MP: 2/2
   224 | D:2      | Noticed an ogre
   231 | D:2      | Slain by an ogre

Illustrated notes

Levels and vault maps discovered:
D:1:      tarquinn_simple_flora_water_c, layout_rooms,
          shapermc_ecumenical_altar_acropolis, minmay_octomino_j4
D:2:      layout_rooms

Action                   || total
-------------------------++-------
 Fire: Hand crossbow     ||    14
Dodge: Dodged            ||     4

Table legend: (Time is in decaauts)
 A = Elapsed time spent in this place.
 B = Non-inter-level travel time spent in this place.
 C = Inter-level travel time spent in this place.
 D = Time resting spent in this place.
 E = Time spent auto-exploring this place.
 F = Levels seen in this place.
 G = Mean time per level.
                   A        B        C        D        E       F      G
               +--------+--------+--------+--------+--------+-----+--------+
         Total |    235 |    233 |      2 |      0 |     21 |   2 |  117.5 |
       Dungeon |    235 |    233 |      2 |      0 |     21 |   2 |  117.5 |
               +--------+--------+--------+--------+--------+-----+--------+

Top non-repeatable levels by time:
     D:1: 190 daAuts
     D:2: 45 daAuts
